 Dungeon Crawl Stone Soup version 0.23.2-40-g277498a001 (webtiles) character file.

Game seed: 6965292744305934089

18203 Marnok the Blocker (level 12, -1/95 HPs)
             Began as a Minotaur Fighter on Oct 17, 2019.
             Was a Plaything of Xom.
             Slain by Jorgrun
             ... wielding a +0 quarterstaff of crushing
              (2 damage)
             ... while petrified by Jorgrun
             ... on level 13 of the Dungeon.
             The game lasted 00:47:48 (12363 turns).

Marnok the Blocker (Minotaur Fighter)              Turns: 12363, Time: 00:47:49

Health: -1/95      AC: 12    Str: 24      XL:     12   Next: 25%
Magic:  0/10       EV: -1    Int:  9      God:    Xom [...*..]
Gold:   563        SH:  0    Dex:  9 (10) Spells: 11/11 levels left

rFire    . . .     SeeInvis .   e - +1 short sword "Pendulum" {drain, +Rage}
rCold    . . .     Gourm    .   A - +2 shield {AC+3}
rNeg     + + +     Faith    .   C - +2 robe {MR+}
rPois    ∞         Spirit   +   (helmet restricted)
rElec    +         Reflect  .   y - scarf {Spirit}
rCorr    +         Harm     .   K - +0 pair of gloves
MR       +....                  z - +2 pair of boots {run}
Stlth    ++........             (no amulet)
HPRegen  0.25/turn              r - ring of resist corrosion
MPRegen  0.12/turn              c - +6 ring of intelligence

@: petrified, grasped by roots, constricted, quick
A: retaliatory headbutt, horns 2, talons 1, dopey 1, frail 1, low mp 1,
electricity resistance, weak 1, MP-powered wands
a: Renounce Religion, Evoke Berserk Rage


You were on level 13 of the Dungeon.
You worshipped Xom.
You were a favourite toy of Xom.
You were not hungry.

You visited 2 branches of the dungeon, and saw 15 of its levels.
You also visited: Ossuary and Bailey.

You collected 928 gold pieces.
You spent 365 gold pieces at shops.

Inventory:

Hand Weapons
 d - a +1 trident of venom
 e - the +1 short sword "Pendulum" (weapon) {drain, +Rage}
   (You found it on level 4 of the Dungeon)

   A truly terrible weapon, it drains the life of those it strikes.
   It lets you go berserk.
 D - a +2 scimitar of slicing
 J - a +4 trident
 M - a +4 quarterstaff of chaos
 P - a +2 spear of flaming
 T - a +0 mace of crushing
 W - a +0 whip of flaming
 X - a +2 hand axe of flaming
Missiles
 m - 14 javelins of returning (quivered)
Armour
 n - a +0 troll leather armour
 y - a scarf of spirit shield (worn)
 z - a +2 pair of boots of running (worn)
 A - a +2 shield of protection (worn)
 C - a +2 robe of magic resistance (worn)
 E - a +0 pair of boots of stealth
 K - a +0 pair of gloves (worn)
 N - a +2 cloak
 O - a +0 robe
Jewellery
 b - a cursed amulet of inaccuracy {unknown}
 c - a +6 ring of intelligence (right hand)
 r - a ring of resist corrosion (left hand)
 B - an uncursed ring of resist corrosion
 G - an uncursed ring of ice
 Y - an uncursed ring of ice
Wands
 h - a wand of disintegration (16)
 q - a wand of enslavement (13)
 w - a wand of flame (78)
 L - a wand of scattershot (4)
 Q - a wand of digging (7)
Scrolls
 g - 9 scrolls of teleportation
 k - 3 scrolls of fog
 u - a scroll of random uselessness
 v - 2 scrolls of amnesia
 I - 4 scrolls of remove curse
Potions
 a - 2 potions of haste
 i - 2 potions of agility
 j - a potion of invisibility
 l - a potion of magic
 o - 8 potions of curing
 p - 3 potions of flight
 s - 3 potions of brilliance
 x - a potion of experience {unknown}
 F - a potion of ambrosia
 H - a potion of resistance
Miscellaneous
 R - a lamp of fire
Comestibles
 f - 29 rations
 t - 8 chunks of flesh


   Skills:
 + Level 9.8 Fighting
 + Level 11.3(11.6) Short Blades
 + Level 4.9(9.4) Long Blades
 + Level 6.1 Armour
 + Level 9.6 Dodging
 + Level 4.8 Stealth
 + Level 12.7 Shields
 + Level 1.2 Evocations


You had 11 spell levels left.
You didn't know any spells.
Your spell library contained the following spells:

 Spells                   Type           Power        Failure   Level  Hunger
 Corpse Rot               Necr           N/A          63%         2    ###....
 Ensorcelled Hibernation  Hex/Ice        #.....       63%         2    ###....
 Call Canine Familiar     Summ           #.......     85%         3    ####...
 Confuse                  Hex            #.......     85%         3    ####...
 Dazzling Spray           Conj/Hex       #.....       85%         3    ####...
 Inner Flame              Hex/Fire       #.......     85%         3    ####...
 Stone Arrow              Conj/Erth      #.....       85%         3    ####...
 Leda's Liquefaction      Hex/Erth       #.........   99%         4    #####..
 Irradiate                Conj/Tmut      #.........   100%        5    ######.
 Metabolic Englaciation   Hex/Ice        #.........   100%        5    ######.
 Summon Forest            Summ/Tloc      #.........   100%        5    ######.
 Hydra Form               Tmut           #.........   100%        6    #######
 Statue Form              Tmut/Erth      #........    100%        6    #######
 Dragon Form              Tmut           #.........   100%        7    #######
 Summon Hydra             Summ           #.........   100%        7    #######


Dungeon Overview and Level Annotations

Branches:
Dungeon (14/15)            Temple (1/1) D:7            Lair (0/6) D:8
    Orc (0/2) D:9
 Vaults: D:13-14

Altars:
Dithmenos
Elyvilon
Gozag
Kikubaaqudgha
Qazlal
Wu Jian
Xom
Yredelemnul
Zin

Shops:
D:4 [*:}   D:7 !

Annotations:
D:8 2 transporters
D:13 Jorgrun


Innate Abilities, Weirdness & Mutations

You reflexively headbutt those who attack you in melee.
You have a pair of horns on your head.
You have sharp toenails.
You are dopey. (Int -2)
You are frail. (-10% HP)
Your magical capacity is low. (-10% MP)
You are resistant to electric shocks. (rElec)
You are weak. (Str -2)
You expend magic power (3 MP) to strengthen your wands.


Message History

Jorgrun hits you with a +0 quarterstaff of crushing!
The grasping roots constrict you!
The four-headed hydra bites you but does no damage. x2
The four-headed hydra bites you! The four-headed hydra bites you.
Jorgrun hits you but does no damage.
* * * LOW HITPOINT WARNING * * *
The grasping roots constrict you! The four-headed hydra bites you.
* * * LOW HITPOINT WARNING * * *
The four-headed hydra bites you. x2
* * * LOW HITPOINT WARNING * * *
The four-headed hydra bites you!
* * * LOW HITPOINT WARNING * * *
The deep elf mage gestures wildly while chanting.
The deep elf mage blinks!
Jorgrun points at you and mumbles some strange words.
The iron shot hits you!!!
* * * LOW HITPOINT WARNING * * *
Xom thinks this is hilarious!
You die...
Xom guffaws!

...####.# ..# ##.#....#
.# #.#'####### +##
#........<# ######.#
+.........# #......#
#.........# #e.....#
.....####### #§.....#
#################§§....#
#............§@g§....#
###'#############D.....#
#...[...... #......#
#.....##### #......#
#..†....... #......#
........[.. #.####.#
#.##....... ... .#
.......#... #.# #
...###<#...


You could see Jorgrun, a four-headed hydra and a deep elf mage.

Vanquished Creatures
  2 hydras
  The ghost of NeAGen181 the Fighter, a novice HOFi of Beogh (D:9)
  2 two-headed ogres
  An ugly thing (D:12)
  2 centaur skeletons
  4 kobold demonologists (D:11)
  3 trolls
  A hornet (D:9)
  A dream sheep (D:10)
  Prince Ribbit (D:6)
  4 hippogriffs
  A tarantella (D:10)
  2 wyverns
  A wraith (D:10)
  18 yaks
  A hungry ghost (D:12)
  An acid dragon (D:11)
  A soldier ant (D:13)
  A water moccasin (D:11)
  A porcupine (D:8)
  3 sky beasts
  2 black bears (D:8)
  A phantom (D:7)
  A necrophage (D:12)
  13 orc warriors
  3 ice beasts
  8 ogres
  9 centaurs
  4 bullfrogs
  4 big kobolds
  A gnoll sergeant (D:10)
  A wyvern skeleton (D:10)
  2 scorpions
  10 killer bees
  13 wights
  A howler monkey (D:5)
  A crimson imp (D:9)
  A bullfrog zombie (D:8)
  5 hounds
  3 quasits
  Crazy Yiuf (D:6)
  6 jellies
  A gnoll shaman (D:8)
  5 orc priests
  2 bullfrog skeletons (D:12)
  4 iguanas
  Ijyb (D:4)
  6 orc wizards
  4 worker ants
  A big kobold zombie (Ossuary)
  A hound zombie (D:10)
  2 hound skeletons
  8 mummies (Ossuary)
  16 gnolls
  A worker ant zombie (D:6)
  9 adders
  3 shadow imps
  An ooze (D:4)
  2 adder skeletons
  A worm (D:4)
  5 dart slugs
  A leopard gecko (D:5)
  58 orcs
  5 bats
  2 giant cockroaches
  4 goblins
  8 hobgoblins
  4 jackals (D:9)
  13 kobolds
  4 quokkas
  A ball python skeleton (D:4)
  5 frilled lizards
  A hobgoblin zombie (Ossuary)
  3 kobold zombies (Ossuary)
  A leopard gecko skeleton (D:6)
  3 orc zombies (Ossuary)
  A quokka skeleton (D:4)
  A quokka zombie (D:6)
  7 rats
  A fungus (D:1)
338 creatures vanquished.

Vanquished Creatures (collateral kills)
  A dream sheep (D:10)
  A wraith (D:10)
  2 yaks (D:10)
  5 orc warriors (Bailey)
  5 centaurs (Bailey)
  A big kobold (D:10)
  A shadow imp (D:7)
  2 orcs (Bailey)
  A plant (D:10)
19 creatures vanquished.

Vanquished Creatures (others)
  A cyclops (D:11)
  A yak (D:11)
  A big kobold (D:11)
  A gnoll (D:9)
  2 orcs (D:9)
  A kobold (D:11)
  A plant (D:10)
  9 toadstools (D:1)
17 creatures vanquished.

Grand Total: 374 creatures vanquished

Notes
Turn   | Place    | Note
-------+----------+-------------------------------------------
     0 | D:1      | Marnok the Minotaur Fighter began the quest for the Orb.
     0 | D:1      | Reached XP level 1. HP: 19/19 MP: 0/0
   253 | D:1      | Reached XP level 2. HP: 27/27 MP: 1/1
   767 | D:2      | Found a faded altar of an unknown god.
   782 | D:2      | Reached XP level 3. HP: 31/33 MP: 2/2
   948 | D:3      | Reached skill level 4 in Shields
  1196 | D:2      | You fall through a shaft for 2 floors!
  1201 | D:4      | Found Ipnaigan's Book Boutique.
  1224 | D:4      | Reached XP level 4. HP: 40/40 MP: 3/3
  1285 | D:4      | Found Hesell's Assorted Antiques.
  1295 | D:4      | Bought a scroll labeled PEOCOE CIG JAH for 29 gold pieces
  1295 | D:4      | Bought a scroll labeled PEOCOE CIG JAH for 29 gold pieces
  1295 | D:4      | Bought a scroll labeled OLLAESS WAAS for 29 gold pieces
  1295 | D:4      | Bought a silvery potion for 26 gold pieces
  1355 | D:4      | Found a shadowy altar of Dithmenos.
  1500 | D:4      | Found Fasijefi's Antique Armour Shoppe.
  1503 | D:4      | Noticed an ogre
  1690 | D:2      | Found a shimmering altar of Xom.
  1691 | D:2      | Found a shimmering altar of Xom.
  1691 | D:2      | Found a shimmering altar of Xom.
  1709 | D:2      | Found a shimmering altar of Xom.
  1710 | D:2      | Found a shimmering altar of Xom.
  1797 | D:2      | Found a stormy altar of Qazlal.
  1953 | D:2      | Became a worshipper of Xom of Chaos
  2224 | D:3      | Reached skill level 1 in Dodging
  2227 | D:3      | Reached XP level 5. HP: 31/47 MP: 4/4
  2753 | D:4      | Killed an ogre
  2753 | D:4      | Reached skill level 5 in Armour
  2901 | D:4      | Got a translucent short sword
  2902 | D:4      | Identified the cursed +1 short sword "Pendulum" {drain,
                  | +Rage} (You found it on level 4 of the Dungeon)
  2948 | D:4      | Reached XP level 6. HP: 38/53 MP: 5/5
  3123 | D:4      | Found a glowing silver altar of Zin.
  3160 | D:4      | Found Ether's Gadget Shop.
  3275 | D:4      | Noticed Ijyb
  3284 | D:4      | Killed Ijyb
  3402 | D:4      | XOM: divination: magic mapping
  3521 | D:5      | Entered Level 5 of the Dungeon
  3542 | D:5      | Reached skill level 5 in Shields
  3594 | D:5      | XOM: god gift: runed robe {god gift}
  3615 | D:5      | Reached skill level 1 in Short Blades
  3630 | D:5      | XOM is BORED!
  3630 | D:5      | XOM: 2-stop teleportation journey
  3641 | D:5      | Reached XP level 7. HP: 37/60 MP: 6/6
  3777 | D:5      | XOM: harmless Summ miscast
  3994 | D:5      | Reached skill level 5 in Fighting
  4208 | D:6      | Noticed Prince Ribbit
  4227 | D:6      | Killed Prince Ribbit
  4227 | D:6      | Reached skill level 6 in Shields
  4241 | D:6      | Reached XP level 8. HP: 45/69 MP: 7/7
  4339 | D:6      | Found a sand-covered staircase.
  4352 | Ossuary  | Entered an ossuary
  4395 | Ossuary  | Reached skill level 1 in Stealth
  4465 | Ossuary  | XOM: smoke on damage
  4522 | Ossuary  | XOM: give mutations
  4522 | Ossuary  | Gained mutation: You are resistant to electric shocks.
                  | (rElec) [Xom's mischief]
  4522 | Ossuary  | Gained mutation: Your mind is acute. (Int +2) [Xom's
                  | mischief]
  4522 | Ossuary  | Lost mutation: Your mind is acute. (Int +2) [Xom's
                  | mischief]
  4798 | D:5      | Reached skill level 5 in Short Blades
  4803 | D:5      | Identified 2 scrolls of acquirement
  4810 | D:5      | Identified a +2 pair of boots of running (You acquired it
                  | on level 5 of the Dungeon)
  4864 | D:6      | XOM: cast spell 'Statue Form'
  5034 | D:6      | Found a runed translucent door.
  5035 | D:6      | Noticed Crazy Yiuf
  5045 | D:6      | Killed Crazy Yiuf
  5175 | D:7      | XOM: god gift: robe {god gift}
  5287 | D:7      | XOM: cast spell 'Call Canine Familiar'
  5312 | D:7      | Found a staircase to the Ecumenical Temple.
  5330 | Temple   | Entered the Ecumenical Temple
  5434 | D:7      | Found Caizia Jykh's Distillery.
  5442 | D:7      | Bought a potion of curing for 36 gold pieces
  5442 | D:7      | Bought a potion of curing for 36 gold pieces
  5442 | D:7      | Bought a potion of curing for 36 gold pieces
  5442 | D:7      | Bought a potion of curing for 36 gold pieces
  5442 | D:7      | Bought a potion of curing for 36 gold pieces
  5442 | D:7      | Bought a potion of curing for 36 gold pieces
  5442 | D:7      | Bought a potion of flight for 36 gold pieces
  5734 | D:7      | XOM: harmless Hex miscast
  5804 | D:8      | Reached skill level 7 in Shields
  5826 | D:8      | XOM: noise
  5827 | D:8      | Reached XP level 9. HP: 44/75 MP: 8/8
  5880 | D:8      | Found a staircase to the Lair.
  6079 | D:8      | XOM: harmless Tmut miscast
  6121 | D:8      | Found a transporter.
  6121 | D:8      | Found a transporter.
  6121 | D:8      | Noticed a centaur warrior
  6125 | D:8      | Found a basalt altar of Yredelemnul.
  6246 | D:8      | XOM: potion effect (haste)
  6274 | D:8      | Noticed a two-headed ogre
  6278 | D:8      | XOM: cast spell 'Alistair's Intoxication'
  6285 | D:8      | Killed a two-headed ogre
  6285 | D:8      | Reached skill level 5 in Dodging
  6285 | D:8      | Reached skill level 8 in Shields
  6515 | D:8      | XOM: give mutations
  6515 | D:8      | Gained mutation: You are dopey. (Int -2) [Xom's mischief]
  6515 | D:8      | Gained mutation: You are frail. (-10% HP) [Xom's mischief]
  6767 | D:9      | XOM: confusion
  6860 | D:8      | XOM: summons 4 hostile demons
  6862 | D:9      | Noticed a troll
  6869 | D:9      | Reached skill level 1 in Evocations
  6879 | D:10     | Entered Level 10 of the Dungeon
  6950 | D:9      | Found a runed translucent door.
  6967 | D:9      | Noticed NeAGen181's ghost (novice HOFi)
  6991 | D:9      | XOM: divine lightning
  6994 | D:9      | Killed NeAGen181's ghost
  6994 | D:9      | Reached XP level 10. HP: 65/77 MP: 9/9
  7067 | D:9      | XOM: give mutations
  7067 | D:9      | Gained mutation: You have sharp toenails. [Xom's grace]
  7067 | D:9      | Gained mutation: You expend magic power (3 MP) to
                  | strengthen your wands. [Xom's grace]
  7167 | D:9      | Reached skill level 9 in Shields
  7406 | D:9      | Found a staircase to the Orcish Mines.
  7410 | D:9      | XOM: destruction
  7533 | D:8      | XOM: scenery: create altars
  7732 | D:9      | XOM: confuse monster(s)
  7746 | D:9      | XOM: summons friendly white imp
  7749 | D:9      | XOM: polymorph white imp -> ufetubus
  7786 | D:9      | XOM: polymorph ufetubus -> shadow imp
  8011 | D:9      | Found a white marble altar of Elyvilon.
  8304 | D:10     | XOM: scenery: create altars
  8315 | D:10     | XOM: summons 10 friendly demons
  8325 | D:10     | XOM: god gift: 22 stones
  8644 | D:10     | XOM: god gift: 16 bolts
  8703 | D:10     | Reached skill level 10 in Shields
  8720 | D:10     | XOM: polymorph hippogriff -> tarantella
  8732 | D:10     | XOM: summons 10 friendly demons
  8833 | D:10     | XOM: fog
  8880 | D:10     | XOM: confuse monster(s)
  8893 | D:10     | Reached XP level 11. HP: 66/85 MP: 10/10
  8983 | D:10     | XOM: summons 11 friendly demons
  9019 | D:10     | Noticed a two-headed hydra
  9022 | D:10     | XOM: divine lightning
  9029 | D:10     | Killed a two-headed hydra
  9029 | D:10     | Reached skill level 10 in Short Blades
  9290 | D:10     | XOM: scenery: create altars
  9358 | D:10     | XOM: scenery: 1 doors open
  9399 | D:10     | XOM: harmless Tloc miscast
  9474 | D:11     | Noticed a soul eater
  9487 | D:11     | XOM: silly message
  9488 | D:11     | XOM: potion effect (invisibility)
  9497 | D:11     | XOM: divination: detect creatures
  9500 | D:11     | XOM: divination: detect items
  9626 | D:11     | Reached skill level 11 in Shields
  9704 | D:11     | Noticed a four-headed hydra
  9767 | D:11     | XOM: mild Tloc miscast
  9770 | D:11     | XOM: potion effect (brilliance)
  9772 | D:11     | XOM: confuse monster(s)
  9780 | D:11     | Killed a four-headed hydra
  9985 | D:11     | XOM: divination: detect creatures
 10035 | D:11     | XOM: cast spell 'Ring of Flames'
 10058 | D:11     | XOM: cast spell 'Shadow Creatures'
 10298 | D:11     | XOM: cast spell 'Discord'
 10365 | D:11     | XOM: summons 3 hostile demons
 10366 | D:11     | XOM: divination: magic mapping
 10369 | D:11     | Gained mutation: Your magical capacity is low. (-10% MP) [a
                  | neqoxec]
 10373 | D:11     | Gained mutation: You are weak. (Str -2) [a neqoxec]
 10374 | D:11     | XOM: fog
 10382 | D:11     | XOM: divine lightning
 10567 | D:11     | XOM: divination: detect items
 10581 | D:11     | XOM: summons 4 friendly demons
 10597 | D:11     | XOM: cast spell 'Olgreb's Toxic Radiance'
 10671 | D:12     | XOM: cast spell 'Statue Form'
 10673 | D:12     | XOM: cast spell 'Chain of Chaos'
 10693 | D:12     | Noticed a white ugly thing
 10694 | D:12     | Noticed a two-headed ogre
 10710 | D:12     | Killed a white ugly thing
 10712 | D:12     | XOM: cast spell 'Summon Ice Beast'
 10716 | D:12     | XOM: confuse monster(s)
 10718 | D:12     | Killed a two-headed ogre
 10718 | D:12     | Reached skill level 12 in Shields
 10718 | D:12     | Reached XP level 12. HP: 94/94 MP: 8/10
 10719 | D:12     | XOM: polymorph ice beast -> tengu
 10778 | D:12     | XOM: noise
 11225 | D:12     | XOM: divination: detect items
 11273 | D:13     | Found a flagged portal.
 11282 | Bailey   | Entered a bailey
 11434 | Bailey   | XOM: silly message
 11672 | Bailey   | XOM: cast spell 'Olgreb's Toxic Radiance'
 11986 | Bailey   | XOM: cloud trail
 11992 | Bailey   | Identified Marphiru's Collected Works on Ensnaring Calling
 12149 | Bailey   | XOM: mild Pois miscast
 12183 | Bailey   | XOM is BORED!
 12183 | Bailey   | XOM: medium Fire miscast
 12350 | D:13     | Noticed Jorgrun
 12351 | D:13     | Noticed a four-headed hydra
 12355 | D:13     | XOM: smoke on damage
 12363 | D:13     | HP: 1/95 [Jorgrun/iron shot (17)]
 12363 | D:13     | Slain by Jorgrun

Skill      XL: |  1  2  3  4  5  6  7  8  9 10 11 |
---------------+----------------------------------+-----
Armour         | 4 5 6 |  6.1
Fighting       | 4 5 6 7 8 9 |  9.8
Shields        | 4 5 6 7 8 10 12 | 12.7
Long Blades    | 3 4 |  4.9
Dodging        | 1 2 3 4 6 7 9 |  9.6
Short Blades   | 1 4 6 8 9 11 | 11.3
Stealth        | 1 2 3 4 |  4.8
Evocations     | 1 |  1.2

Action                   |  1- 3 |  4- 6 |  7- 9 | 10-12 || total
-------------------------+-------+-------+-------+-------++-------
Melee: Long sword        |    78 |    79 |       |       ||   157
       Headbutt          |    13 |    25 |    72 |   182 ||   292
       Short sword       |       |    67 |   320 |   768 ||  1155
       Kick              |       |       |       |     7 ||     7
Throw: Javelin           |       |       |       |     2 ||     2
 Abil: Evoke Berserk Rag |       |       |     2 |     1 ||     3
  Use: Scroll            |       |    15 |    10 |     4 ||    29
       Potion            |       |     2 |     9 |    13 ||    24
 Stab: Sleeping          |       |       |     1 |     5 ||     6
       Confused          |       |       |       |     3 ||     3
       Invisible         |       |       |       |     8 ||     8
  Eat: Chunk             |     1 |     8 |    12 |    15 ||    36
       Ration            |       |       |       |     1 ||     1
Armor: Scale mail        |    31 |    60 |       |       ||    91
       Robe              |       |       |    73 |    81 ||   154
       Skin              |       |       |       |    14 ||    14
Dodge: Dodged            |    23 |    33 |   119 |   269 ||   444
Block: Shield            |    28 |    36 |   143 |   437 ||   644
       Large shield      |       |    41 |       |       ||    41
       Rpst.: Long sword |     4 |     6 |       |       ||    10
